 Dungeon Crawl Stone Soup version 0.27.1 (webtiles) character file.

Game seed: 12494116758479359581

1040 pkoi the Grappler (level 8, -4/74 HPs)
             Began as a Troll Gladiator on Aug 24, 2021.
             Was a Priest of Dithmenos.
             Slain by Duvessa (9 damage)
             ... on level 5 of the Dungeon.
             The game lasted 00:04:17 (2699 turns).

pkoi the Grappler (Troll Gladiator)                 Turns: 2699, Time: 00:04:18

Health: -4/74      AC:  4    Str: 25    XL:     8   Next: 4%
Magic:  7/7        EV: 10    Int:  4    God:    Dithmenos [***...]
Gold:   224        SH:  0    Dex: 11    Spells: 7/7 levels left

rFire    . . .     SeeInvis .     - Unarmed
rCold    . . .     Faith    .   (no shield)
rNeg     . . .     Spirit   .   a - +0 robe
rPois    .         Reflect  .   b - +0 hat
rElec    .         Harm     .   (no cloak)
rCorr    .         Rampage  .   (gloves unavailable)
Will     .....                  (boots unavailable)
Stlth    ++........             (no amulet)
HPRegen  1.22/turn              (no ring)
MPRegen  0.10/turn              (no ring)

@: mighty, wreathed by umbra
A: large, unfitting armour, claws 3, regeneration 1, shaggy fur 1, tough skin 1
a: Renounce Religion, Shadow Step


You were on level 5 of the Dungeon.
You worshipped Dithmenos.
Dithmenos was most pleased with you.
You visited 1 branch of the dungeon, and saw 5 of its levels.

You collected 224 gold pieces.

Inventory:

Missiles
 c - 3 throwing nets (quivered)
 i - 7 boomerangs
 l - 4 javelins
Armour
 a - a +0 robe (worn)
 b - a +0 hat (worn)
Jewellery
 h - a ring of flight
Wands
 g - a wand of iceblast (11)
Scrolls
 f - a scroll of fear
Potions
 d - a potion of resistance
 e - 3 potions of curing
 j - a potion of brilliance
 m - a potion of mutation


   Skills:
 + Level 2.4 Fighting
 - Level 1.7 Throwing
 + Level 3.1 Dodging
 + Level 1.0 Stealth
 * Level 8.7 Unarmed Combat
 + Level 1.4 Evocations


You had 7 spell levels left.
You didn't know any spells.
Your spell library was empty.

Dungeon Overview and Level Annotations

Branches:
Dungeon (5/15)
 Temple: D:4-7

Altars:
Dithmenos
Gozag

Shops:
D:5 (

Annotations:
D:2 Natasha
D:3 Grinder
D:5 3 runed translucent doors, Duvessa; cummra's ghost, amateur GrEE


Innate Abilities, Weirdness & Mutations

You are too large for most types of armour.
You have claws for hands.
Your natural rate of healing is unusually fast.
You are covered in fur. (AC +1)
You have tough skin. (AC +1)


Message History

You scratch Dowan.
Dowan is lightly wounded.
Dowan hits you with a +1 dagger of freezing.
Dowan freezes you.
You mangle Dowan!!
Dowan is almost dead.
You claw Dowan!
You kill Dowan!
Dithmenos accepts your kill.
Duvessa screams, "No!
How DARE you!"
Duvessa goes berserk!
Your Stealth skill increases to level 1!
You have reached level 8!
You scratch Duvessa but do no damage. Duvessa hits you with a +0 rapier!!
* * * LOW HITPOINT WARNING * * *
Duvessa barely misses you.
You barely miss Duvessa. Duvessa hits you with a +0 rapier!
* * * LOW HITPOINT WARNING * * *
You scratch Duvessa but do no damage. Duvessa hits you with a +0 rapier.
* * * LOW HITPOINT WARNING * * *
You scratch Duvessa but do no damage. Duvessa hits you with a +0 rapier!
* * * LOW HITPOINT WARNING * * *
Unknown command.
It was a potion of might.
You feel very mighty all of a sudden. Duvessa closely misses you.
Duvessa hits you with a +0 rapier!
* * * LOW HITPOINT WARNING * * *
You can't see any enemies this would affect, really read the scroll of fear?
Okay, then.
Okay, then.
Unknown command.
Unknown command.
Press: ? - help, v - describe, . - travel, g - get item
Here: Duvessa, wielding a +0 rapier and wearing a +0 leather armour (berserk, umbra)
Items here: a +1 dagger of freezing; a +0 robe.
The floor, spattered with blood.
You claw Duvessa!
Duvessa is lightly wounded.
Duvessa hits you with a +0 rapier!
You die...

..####.##..#...............#
#.........#.............#
...###.#....#...........#
######.............##..##
..........###...##.##.##
.###..........#.##....# ##
#.#..###.###.###..##
####.#..# #.###.##..##
##...#>.### #...@e..##
.........# #.#.###..#
..#......# ##.#.####.#
.##......# #..#...##.#
######..####.##......# #
.###......###..# ####### #
## #.≈≈≈..###..###∩8∩8.##
#.≈[≈..##....#...$.$.# #
###.≈≈≈.###..(.#8$.8.$8#


You could see Duvessa (berserk).

Vanquished Creatures
  Eustachio (D:3)
  Menkaure (D:5)
  A black bear (D:5)
  A necrophage (D:4)
  An ogre (D:5)
  A phantom (D:4)
  Dowan (D:5)
  A water moccasin skeleton (D:5)
  2 orc priests
  A hound (D:4)
  A jelly (D:4)
  Natasha (D:2)
  A scorpion zombie (D:5)
  2 orc wizards
  4 adders
  An ufetubus (D:5)
  2 worms
  A dart slug (D:2)
  12 orcs
  7 ball pythons
  2 bats
  5 endoplasms
  6 giant cockroaches
  5 goblins
  4 hobgoblins
  8 jackals
  3 kobolds
  3 quokkas
  5 frilled lizards
  A jackal skeleton (D:4)
  2 rats
87 creatures vanquished.

Notes
Turn   | Place    | Note
-------+----------+-------------------------------------------
     0 | D:1      | pkoi the Troll Gladiator began the quest for the Orb.
     0 | D:1      | Reached XP level 1. HP: 19/19 MP: 0/0
    37 | D:1      | Found a faded altar of an unknown god.
    53 | D:1      | Became a worshipper of Dithmenos the Shadowed
    53 | D:1      | Reached * piety under Dithmenos
    90 | D:1      | Reached XP level 2. HP: 27/27 MP: 1/1
   314 | D:1      | Reached skill level 4 in Unarmed Combat
   728 | D:2      | Reached XP level 3. HP: 33/33 MP: 2/2
   866 | D:2      | Noticed Natasha
   874 | D:2      | Killed Natasha
   894 | D:2      | Reached skill level 5 in Unarmed Combat
   894 | D:2      | Reached XP level 4. HP: 41/41 MP: 3/3
   985 | D:2      | Reached ** piety under Dithmenos
  1196 | D:2      | Noticed Natasha
  1526 | D:3      | Noticed Grinder
  1690 | D:3      | Reached XP level 5. HP: 30/48 MP: 4/4
  1840 | D:4      | Reached skill level 6 in Unarmed Combat
  1848 | D:4      | Noticed a necrophage
  1858 | D:4      | Killed a necrophage
  1867 | D:4      | Noticed Eustachio
  1884 | D:4      | Reached XP level 6. HP: 55/55 MP: 5/5
  1923 | D:4      | Reached skill level 7 in Unarmed Combat
  1985 | D:3      | Killed Eustachio
  2022 | D:4      | Reached skill level 8 in Unarmed Combat
  2246 | D:4      | Reached XP level 7. HP: 50/63 MP: 6/6
  2305 | D:5      | Entered Level 5 of the Dungeon
  2413 | D:5      | Found Xeunne's Weapon Shop.
  2425 | D:5      | Noticed Menkaure
  2436 | D:5      | Killed Menkaure
  2437 | D:5      | Reached skill level 1 in Evocations
  2581 | D:5      | Reached *** piety under Dithmenos
  2634 | D:5      | Noticed cummra's ghost (amateur GrEE)
  2635 | D:5      | Found a runed translucent gate.
  2636 | D:5      | Found a runed translucent gate.
  2636 | D:5      | Found an opulent altar of Gozag.
  2637 | D:5      | Found a runed translucent gate.
  2637 | D:5      | Noticed a wraith
  2677 | D:5      | Noticed Duvessa
  2677 | D:5      | Noticed Dowan
  2693 | D:5      | Killed Dowan
  2694 | D:5      | Reached skill level 1 in Stealth
  2694 | D:5      | Reached XP level 8. HP: 51/74 MP: 7/7
  2699 | D:5      | Slain by Duvessa

Illustrated notes

Levels and vault maps discovered:
D:1:      scummos_arrival_simple_crosswalls, layout_loops_cross,
          hellmonk_ecumenical_altar_dog_temple, st_stairs_6,
          minmay_parallelograms, kennysheep_decorative_pillar
D:2:      layout_basic, palyth_stone_intersect, uniq_natasha
D:3:      layout_loops_corners, corexii_shack, uniq_crazy_yiuf_cottage,
          uniq_grinder, uniq_ijyb
D:4:      layout_rooms, uniq_eustachio
D:5:      layout_rooms, ebering_ghost_gozag, serial_shops, nicolae_square_shop,
          minmay_hedge_maze, corexii_item_surrounded_by_moat, uniq_duvessa,
          uniq_menkaure

Skill      XL: |  1  2  3  4  5  6  7 |
---------------+----------------------+-----
Unarmed Combat | 4 5 6 8 |  8.7
Fighting       | 2 |  2.4
Evocations     | 1 |  1.4
Dodging        | 3 |  3.1
Stealth        | 1 |  1.0
Throwing       | |  1.7

Action                   |  1- 3 |  4- 6 |  7- 9 || total
-------------------------+-------+-------+-------++-------
Melee: Unarmed           |    57 |   132 |    54 ||   243
       Punch             |       |     4 |     1 ||     5
  Use: Scroll            |       |     4 |     3 ||     7
       Potion            |       |     1 |     2 ||     3
 Stab: Sleeping          |     4 |     1 |       ||     5
Armor: Robe              |    11 |    30 |     7 ||    48
Dodge: Dodged            |    28 |    61 |    25 ||   114
